 Dungeon Crawl Stone Soup version 0.26.1-11-gd32895ea62 (webtiles) character file.

Game seed: 14639243405124656310

15 Zeld the Digger (level 2, 0/16 HPs)
             Began as a Gargoyle Earth Elementalist on June 10, 2021.
             Slain by a leopard gecko (1 damage)
             ... on level 1 of the Dungeon.
             The game lasted 00:00:51 (472 turns).

Zeld the Digger (Gargoyle Earth Elementalist)        Turns: 472, Time: 00:00:52

Health: 0/16       AC:  4    Str: 11    XL:     2   Next: 50%
Magic:  1/5        EV: 12    Int: 15    God:
Gold:   0          SH:  0    Dex: 10    Spells: 4/5 levels left

rFire    . . .     SeeInvis .   (no weapon)
rCold    . . .     Faith    .   (no shield)
rNeg     + . .     Spirit   .   c - +0 robe
rPois    ∞         Reflect  .   (no helmet)
rElec    +         Harm     .   (no cloak)
rCorr    .         Rampage  .   (no gloves)
Will     .....                  (no boots)
Stlth    ++........             (no amulet)
HPRegen  0.05/turn              (no ring)
MPRegen  0.09/turn              (no ring)

@: no status effects
A: negative energy resistance 1, electricity resistance, unbreathing,
petrification resistance, miasma immunity, AC +2
a: no special abilities


You were on level 1 of the Dungeon.
You visited 1 branch of the dungeon, and saw 1 of its levels.

Inventory:

Missiles
 b - 34 stones (quivered)
Armour
 c - a +0 robe (worn)
Jewellery
 e - an uncursed ring of flight {unknown}
Scrolls
 d - a scroll of immolation {unknown}
 g - 2 scrolls of enchant armour {unknown}
 i - a scroll of identify {unknown}
Potions
 a - a potion of might {unknown}
 f - 2 potions of curing {unknown}
 h - a potion of lignification {unknown}


   Skills:
 + Level 0.7 Fighting
 + Level 1.8 Dodging
 - Level 2.1 Stealth
 + Level 2.2 Spellcasting
 - Level 0.7 Transmutations
 * Level 4.0 Earth Magic


You had 4 spell levels left.
You knew the following spells:

 Your Spells              Type           Power        Failure   Level
a - Sandblast             Erth           26%          4%          1

Your spell library contained the following spells:

 Spells                   Type           Power        Failure   Level
 Passwall                 Tmut/Erth      6%           12%         2
 Stone Arrow              Conj/Erth      14%          28%         3
 Petrify                  Tmut/Erth      8%           63%         4
 Lee's Rapid Deconstruct  Erth           6%           75%         5


Dungeon Overview and Level Annotations

Branches:
Dungeon (1/15)

Altars:


Innate Abilities, Weirdness & Mutations

You are resistant to torment.
Your stone body is resilient. (AC +2)
You are immune to poison.
You resist negative energy. (rN+)
You are resistant to electric shocks. (rElec)
You can survive without breathing.
You are immune to petrification.
You are immune to miasma.


Message History

The leopard gecko bites you but does no damage.
There is an open door here.
The leopard gecko barely misses you. The leopard gecko closely misses you.
There is an open door here.
The leopard gecko hisses menacingly.
The leopard gecko bites you.
* * * LOW HITPOINT WARNING * * *
Casting: Sandblast (safe; 4% risk of failure)
Confirm with . or Enter, or press ? or * to list all spells.
Aiming: Sandblast (safe; 4% risk of failure)
Press: ? - help, Shift-Dir - straight line, f - leopard gecko
Aim: a leopard gecko (31% to evade)
The blast of sand hits the leopard gecko but does no damage.
b - 34 stones The leopard gecko bites you.
* * * LOW HITPOINT WARNING * * *
Unknown command.
The leopard gecko bites you.
You die...

#.......# #...#
#.......# #...#
#.......# #...#
#.......# #####
#.......# ######g##
############ #.#
#.......)..#
###g######..........#
#....l@.............#
#...######..........#
#...# #..........#
#...# #..........#
#...# #..........#
#...# ########'###
#...# #######'#####
#...# #............
#...# #......)..###


You could see a leopard gecko and a goblin.

Vanquished Creatures
  A bat (D:1)
  A giant cockroach (D:1)
  A goblin (D:1)
  A hobgoblin (D:1)
  4 jackals (D:1)
  3 kobolds (D:1)
  A frilled lizard (D:1)
12 creatures vanquished.

Notes
Turn   | Place    | Note
-------+----------+-------------------------------------------
     0 | D:1      | Zeld the Gargoyle Earth Elementalist began the quest for
                  | the Orb.
     0 | D:1      | Reached XP level 1. HP: 10/10 MP: 3/3
   135 | D:1      | Reached XP level 2. HP: 16/16 MP: 1/5
   435 | D:1      | Reached skill level 4 in Earth Magic
   472 | D:1      | Slain by a leopard gecko

Illustrated notes

Levels and vault maps discovered:
D:1:      eino_arrival_tree_alley, layout_basic

Skill      XL: |  1  2 |
---------------+-------+-----
Earth Magic    | 4 |  4.0
Fighting       | |  0.7
Dodging        | |  1.8
Stealth        | |  2.1
Spellcasting   | |  2.2
Transmutations | |  0.7

Action                   || total
-------------------------++-------
Melee: Unarmed           ||     4
 Cast: Sandblast         ||    18
Armor: Robe              ||     6
Dodge: Dodged            ||    17
